 Dungeon Crawl Stone Soup version 0.27.0-1-g7a08968 (webtiles) character file.

Game seed: 9897499113705397344

54156 Illumine the Tortoise (level 14, -8/127 HPs)
             Began as a Minotaur Fighter on Aug 27, 2021.
             Was the Champion of Okawaru.
             Mangled by an orc knight (25 damage)
             ... on level 2 of the Orcish Mines.
             The game lasted 00:31:10 (19060 turns).

Illumine the Tortoise (Minotaur Fighter)           Turns: 19060, Time: 00:31:11

Health: -8/127     AC: 32    Str: 27    XL:     14   Next: 33%
Magic:  17/19      EV:  8    Int:  5    God:    Okawaru [******]
Gold:   1604       SH: 15    Dex: 11    Spells: 13/13 levels left

rFire    . . .     SeeInvis .   a - +12 spear "Nirrai" {drain, Str+2}
rCold    . . .     Faith    .   c - +0 kite shield
rNeg     . . .     Spirit   .   K - +0 crystal plate armour
rPois    .         Reflect  .   (helmet restricted)
rElec    .         Harm     .   G - +0 cloak
rCorr    .         Rampage  .   S - +0 pair of gloves
Will     ++...                  l - +0 pair of boots
Stlth    ..........             (no amulet)
HPRegen  0.31/turn              y - ring of willpower
MPRegen  0.16/turn              (no ring)

@: heroic
A: horns 2, retaliatory headbutt
a: Renounce Religion, Heroism, Finesse


You were on level 2 of the Orcish Mines.
You worshipped Okawaru.
Okawaru was exalted by your worship.
You visited 4 branches of the dungeon, and saw 19 of its levels.
You also visited: Bailey.

You collected 1686 gold pieces.
You spent 82 gold pieces at shops.

Inventory:

Hand Weapons
 a - the +12 spear "Nirrai" (weapon) {drain, Str+2}
   (You found it on level 5 of the Dungeon)

   A truly terrible weapon, it drains the life of any living foe it strikes.
   Str:       It affects your strength (+2).
 b - the +9 hunting sling "Dezeon" {freeze, Int+3}
   (Okawaru gifted it to you on level 6 of the Lair of Beasts)

   Any ammunition fired from it freezes those it strikes, dealing additional
   cold damage.
   It can also slow down cold-blooded creatures.
   Int:       It affects your intelligence (+3).
 n - a +2 demon trident of flaming
 A - the +10 spear of Untimely Demise {elec, Str-3 Int+4 Dex+2 Stlth+}
   (Okawaru gifted it to you on level 6 of the Lair of Beasts)

   It occasionally discharges a powerful burst of electricity upon striking a
   foe.
   Str:       It affects your strength (-3).
   Int:       It affects your intelligence (+4).
   Dex:       It affects your dexterity (+2).
   Stlth:     It makes you more stealthy.
 U - the +6 glaive "Fungauph" {antimagic, rN+ Dex-5 SInv}
   (Okawaru gifted it to you on level 3 of the Lair of Beasts)

   It reduces the magical energy of the wielder, and disrupts the spells and
   magical abilities of those it strikes.
   Natural abilities and divine invocations are not affected.
   Dex:       It affects your dexterity (-5).
   rN:        It protects you from negative energy.
   SInv:      It lets you see invisible.
 V - a +0 hand crossbow
 X - the +7 spear "Keir Nut" {freeze, Will++}
   (Okawaru gifted it to you on level 2 of the Orcish Mines)

   It freezes those it strikes, dealing additional cold damage.
   It can also slow down cold-blooded creatures.
   Will:      It greatly increases your willpower.
Missiles
 m - 510 stones
 o - 22 javelins
 p - 56 poisoned darts (quivered)
 C - 6 throwing nets
 R - 3 atropa-tipped darts
 W - 18 sling bullets
Armour
 c - a +0 kite shield (worn)
 l - a +0 pair of boots (worn)
 G - a +0 cloak (worn)
 H - a +4 chain mail
 K - a +0 crystal plate armour (worn)
 S - a +0 pair of gloves (worn)
Jewellery
 y - a ring of willpower (left hand)
 N - a ring of flight
 T - a ring of ice
Wands
 q - a wand of digging (19)
 w - a wand of acid (4)
 x - a wand of mindburst (12)
 P - a wand of flame (26)
Scrolls
 f - 2 scrolls of silence {unknown}
 h - 8 scrolls of teleportation
 k - 3 scrolls of blinking
 r - a scroll of brand weapon {unknown}
 s - a scroll of torment {unknown}
 u - 2 scrolls of fog {unknown}
 v - 3 scrolls of vulnerability {unknown}
 F - a scroll of fear {unknown}
 J - 3 scrolls of enchant weapon
 L - a scroll of enchant armour {unknown}
 M - a scroll of immolation {unknown}
 Q - 2 scrolls of magic mapping {unknown}
Potions
 d - 3 potions of might
 e - 3 potions of heal wounds
 g - 3 potions of lignification
 j - 7 potions of curing
 t - 2 potions of invisibility
 z - a potion of magic {unknown}
 B - 2 potions of mutation
 D - a potion of cancellation {unknown}
 E - 3 potions of attraction
 O - 3 potions of flight
Miscellaneous
 i - a phial of floods
 I - a condenser vane


   Skills:
 + Level 12.5(17.5) Fighting
 - Level 7.9(12.9) Maces & Flails
 - Level 12.0(17.0) Polearms
 * Level 5.6(10.6) Slings
 - Level 3.1(8.1) Crossbows
 * Level 15.2(20.2) Armour
 + Level 12.5(17.5) Shields
 + Level 8.6 Invocations
 + Level 4.4 Evocations


You had 13 spell levels left.
You didn't know any spells.
Your spell library contained the following spells:

 Spells                   Type           Power      Damage    Failure   Level
 Animate Skeleton         Necr           0%         N/A       100%        1
 Apportation              Tloc           0%         N/A       100%        1
 Corona                   Hex            0%         N/A       100%        1
 Summon Small Mammal      Summ           0%         N/A       100%        1
 Corpse Rot               Necr/Air       N/A        N/A       100%        2
 Ensorcelled Hibernation  Hex/Ice        0%         N/A       100%        2
 Conjure Flame            Conj/Fire      0%         6-21      100%        3
 Ignite Poison            Fire/Tmut/Pois 0%         N/A       100%        3
 Summon Guardian Golem    Hex/Summ       0%         N/A       100%        3
 Tukima's Dance           Hex            0%         N/A       100%        3
 Dispel Undead            Necr           0%         3d6       100%        4
 Hailstorm                Conj/Ice       0%         3d3       100%        4
 Ice Form                 Ice/Tmut       0%         N/A       100%        4
 Petrify                  Tmut/Erth      0%         N/A       100%        4
 Sticky Flame             Conj/Fire      0%         2d3       100%        4
 Metabolic Englaciation   Hex/Ice        0%         N/A       100%        5
 Death Channel            Necr           0%         N/A       100%        6
 Simulacrum               Ice/Necr       0%         N/A       100%        6
 Statue Form              Tmut/Erth      0%         N/A       100%        6
 Orb of Destruction       Conj           0%         N/A       100%        7
 Spellforged Servitor     Conj/Summ      0%         N/A       100%        7


Dungeon Overview and Level Annotations

Branches:
Dungeon (10/15)            Temple (1/1) D:7            Lair (6/6) D:10
 Shoals (0/4) Lair:4        Snake (0/4) Lair:2        Slime (0/5) Lair:6
    Orc (2/2) D:9          Bailey (visited)
    Elf: Orc:2

Altars:
Ashenzari
Cheibriados
Elyvilon
Fedhas
Gozag
Okawaru
Yredelemnul
Zin

Shops:
D:1 *   Orc:2 *?

Annotations:
Lair:1 3 runed translucent doors, MrDizzy's ghost, journeyman GnWz; RazingBull's ghost, journeyman HOFi


Innate Abilities, Weirdness & Mutations

You have a pair of horns on your head.
You reflexively headbutt those who attack you in melee.


Message History

Unknown command.
You puncture the orc knight! You drain the orc knight.
You headbutt the orc knight.
The orc knight is heavily wounded.
The soul eater draws from the surrounding life force!
The orc knight hits you with a +0 bardiche.
* * * LOW HITPOINT WARNING * * *
Unknown command.
You gain the combat prowess of a mighty hero.
You block the orc warrior's attack.
The soul eater draws from the surrounding life force!
* * * LOW HITPOINT WARNING * * *
You block the orc knight's attack.
Unknown command.
You puncture the orc knight! You drain the orc knight.
You headbutt the orc knight, but do no damage.
The orc knight is severely wounded.
The orc warrior no longer looks unusually strong.
You block the orc warrior's attack.
Unknown command.
You hit the orc knight but do no damage.
You drain the orc knight.
The orc knight is almost dead.
The orc knight roars a battlecry!
The orc warrior goes into a battle-frenzy!
You hit the orc knight. Your headbutt misses the orc knight.
The orc knight is almost dead.
You block the orc warrior's attack.
You closely miss the orc warrior.
The orc warrior is moderately wounded.
The orc knight completely misses you.
You hit the orc knight but do no damage.
You drain the orc knight.
You headbutt the orc knight, but do no damage.
The orc knight is almost dead.
The orc warrior hits you but does no damage.
You puncture the orc warrior!
The orc warrior is severely wounded.
The orc knight hits you with a +0 bardiche!!
You die...

.............###. #.##...###..#
............###.. #... #........
...........###... #.o# #...#...
..........###.#.# ..# #....#.
.........###.(.3...# ##)....
........# #....o#.## ##..#.
.........###...o...# ##.....
..........###(#o## ##....#)
...........###.o@## ##...#)).
............###..)## ##....).).
.............###.).## ##...###).#
..............###...###)..###).##
..............# ##)..#...###).##
#.............#####)#)#.###.)##
....#.##.#....#.####...###).##
.......#####.....# ##.###.)##
.......# #.....## ####))##


You could see 2 orc knights, a soul eater, an orc high priest (strong) and an
orc warrior (strong).

Vanquished Creatures
  Rupert (Lair:3)
  Harold (D:7)
  3 hydras
  4 catoblepae (Lair:6)
  A two-headed ogre (D:9)
  12 death yaks
  6 orc high priests (Orc:2)
  2 sixfirhies (Orc:2)
  2 orc knights (Orc:2)
  3 orc sorcerers
  2 manticores (Lair:6)
  2 black mambas
  A rust devil (Orc:2)
  8 elephants
  A merfolk siren (Lair:4)
  Joseph (D:9)
  10 cane toads
  An orange demon (Orc:2)
  Maggie (D:8)
  3 rime drakes
  5 komodo dragons
  An ice devil (Orc:2)
  A troll (Orc:2)
  3 polar bears
  9 blink frogs
  4 wyverns
  52 yaks
  A wraith (D:9)
  Eustachio (D:5)
  3 basilisks
  A steam dragon (D:8)
  A warg (Orc:1)
  4 vampire mosquitoes (D:10)
  An acid dragon (D:9)
  9 water moccasins
  29 orc warriors
  3 ice beasts
  A sky beast (D:7)
  4 black bears
  12 centaurs
  5 ogres
  8 wolves
  3 phantoms
  8 bullfrogs
  A wyvern zombie (D:8)
  A scorpion (D:5)
  4 electric eels
  4 howler monkeys
  2 bullfrog zombies
  6 hounds
  8 jellies
  14 orc priests
  A centaur skeleton (D:7)
  2 centaur zombies
  Crazy Yiuf (D:7)
  An iguana (D:7)
  Terence (D:2)
  9 orc wizards
  9 hell rats
  A killer bee zombie (D:8)
  A hound skeleton (D:4)
  A howler monkey zombie (D:9)
  An adder (D:5)
  A gnoll (D:1)
  5 river rats
  A shadow imp (D:5)
  A white imp (D:5)
  A worm (D:2)
  5 dart slugs
  66 orcs
  4 ball pythons
  5 bats
  5 endoplasms
  2 giant cockroaches
  5 goblins
  4 hobgoblins
  8 jackals
  3 quokkas
  A frilled lizard (D:1)
  3 kobolds
  3 rats
425 creatures vanquished.

Vanquished Creatures (others)
  An orc priest (Orc:2)
  A bush (Lair:6)
  35 fungi
  43 plants
80 creatures vanquished.

Grand Total: 505 creatures vanquished

Notes
Turn   | Place    | Note
-------+----------+-------------------------------------------
     0 | D:1      | Illumine the Minotaur Fighter began the quest for the Orb.
     0 | D:1      | Reached XP level 1. HP: 19/19 MP: 0/0
   284 | D:1      | Reached XP level 2. HP: 24/27 MP: 1/1
   418 | D:1      | Found Arar's Assorted Antiques.
   763 | D:1      | Reached skill level 4 in Armour
   829 | D:1      | Reached XP level 3. HP: 33/33 MP: 2/2
  1064 | D:2      | Found a faded altar of an unknown god.
  1458 | D:2      | Noticed Terence
  1465 | D:2      | Killed Terence
  1466 | D:2      | Reached XP level 4. HP: 34/40 MP: 3/3
  2084 | D:3      | Reached XP level 5. HP: 45/47 MP: 4/4
  2261 | D:4      | Noticed an ogre
  2265 | D:4      | Killed an ogre
  2535 | D:4      | Noticed a black bear
  2545 | D:4      | Killed a black bear
  2546 | D:4      | Reached skill level 5 in Fighting
  2546 | D:4      | Reached skill level 5 in Maces & Flails
  2546 | D:4      | Reached XP level 6. HP: 35/56 MP: 5/5
  2841 | D:4      | Reached skill level 5 in Armour
  2841 | D:4      | Reached skill level 5 in Shields
  3348 | D:5      | Entered Level 5 of the Dungeon
  3382 | D:5      | Reached skill level 1 in Evocations
  3382 | D:5      | Reached XP level 7. HP: 45/61 MP: 6/6
  3826 | D:5      | Reached XP level 8. HP: 62/70 MP: 7/7
  3918 | D:4      | Reached skill level 6 in Armour
  4088 | D:5      | Noticed Eustachio
  4106 | D:5      | Killed Eustachio
  4271 | D:5      | Identified the +12 spear "Nirrai" {drain, Str+2}
  4741 | D:6      | Reached skill level 1 in Polearms
  5229 | D:7      | Noticed Harold
  5240 | D:7      | Killed Harold
  5241 | D:7      | Reached skill level 7 in Armour
  5241 | D:7      | Reached XP level 9. HP: 76/79 MP: 8/8
  5579 | D:7      | Reached skill level 5 in Polearms
  5679 | D:7      | Found a runed translucent door.
  5680 | D:7      | Noticed Crazy Yiuf
  5687 | D:7      | Killed Crazy Yiuf
  5904 | D:7      | Found a broken altar of Ashenzari.
  6166 | D:7      | Found a staircase to the Ecumenical Temple.
  6177 | Temple   | Entered the Ecumenical Temple
  6278 | Temple   | Became a worshipper of Warmaster Okawaru
  6451 | D:8      | Found a flagged portal.
  6540 | Bailey   | Entered a bailey
  6548 | Bailey   | Reached skill level 1 in Invocations
  6575 | Bailey   | Reached skill level 8 in Armour
  6957 | Bailey   | Reached * piety under Okawaru
  7134 | Bailey   | Reached XP level 10. HP: 76/88 MP: 10/10
  7340 | Bailey   | Reached ** piety under Okawaru
  7755 | D:8      | Noticed Maggie
  7770 | D:8      | Killed Maggie
  8064 | D:8      | Reached skill level 9 in Armour
  8376 | D:9      | Noticed Joseph
  8452 | D:9      | Killed Joseph
  8467 | D:9      | Reached *** piety under Okawaru
  8750 | D:9      | Noticed a two-headed ogre
  8757 | D:9      | Killed a two-headed ogre
  9100 | D:9      | Reached **** piety under Okawaru
  9101 | D:9      | Reached XP level 11. HP: 85/97 MP: 12/12
  9203 | D:9      | Found a staircase to the Orcish Mines.
  9225 | D:10     | Entered Level 10 of the Dungeon
  9225 | D:10     | Found a staircase to the Lair.
  9225 | D:10     | Noticed a death yak
  9225 | D:10     | Noticed a death yak
  9229 | D:10     | Noticed a death yak
  9236 | D:9      | Killed a death yak
  9237 | D:9      | Reached skill level 10 in Armour
  9246 | D:9      | Killed a death yak
  9246 | D:9      | Received a gift from Okawaru
  9311 | D:9      | Killed a death yak
  9667 | D:10     | Reached skill level 10 in Polearms
  9757 | Lair:1   | Entered Level 1 of the Lair of Beasts
 10148 | Lair:1   | Reached ***** piety under Okawaru
 10167 | Lair:1   | Reached skill level 11 in Armour
 10174 | Lair:1   | Reached skill level 10 in Shields
 10197 | Lair:1   | Reached skill level 10 in Fighting
 10197 | Lair:1   | Reached skill level 5 in Invocations
 10661 | Lair:1   | Noticed a four-headed hydra
 10668 | Lair:1   | Killed a four-headed hydra
 10709 | Lair:1   | Found a runed translucent gate.
 10710 | Lair:1   | Found a runed translucent gate.
 10710 | Lair:1   | Found a runed translucent gate.
 10711 | Lair:1   | Noticed MrDizzy's ghost (journeyman GnWz)
 10711 | Lair:1   | Noticed RazingBull's ghost (journeyman HOFi)
 10964 | Lair:2   | Noticed an eight-headed hydra
 10976 | Lair:2   | Killed an eight-headed hydra
 10977 | Lair:2   | Reached XP level 12. HP: 77/106 MP: 13/15
 11633 | Lair:2   | Reached skill level 12 in Armour
 11876 | Lair:2   | Found a staircase to the Snake Pit.
 12229 | Lair:3   | Reached ****** piety under Okawaru
 12322 | Lair:3   | Identified the +6 glaive "Fungauph" {antimagic, rN+ Dex-5
                  | SInv} (Okawaru gifted it to you on level 3 of the Lair of
                  | Beasts)
 12322 | Lair:3   | Received a gift from Okawaru
 12769 | Lair:3   | Noticed Rupert
 12791 | Lair:3   | Killed Rupert
 13224 | Lair:4   | Reached skill level 13 in Armour
 13616 | Lair:4   | Noticed a death yak
 13617 | Lair:4   | Noticed a death yak
 13620 | Lair:4   | Noticed a death yak
 13630 | Lair:4   | Killed a death yak
 13635 | Lair:4   | Killed a death yak
 13635 | Lair:4   | Received a gift from Okawaru
 13643 | Lair:4   | Killed a death yak
 13644 | Lair:4   | Reached XP level 13. HP: 81/116 MP: 17/17
 14169 | Lair:4   | Found a staircase to the Shoals.
 14590 | Lair:5   | Reached skill level 1 in Crossbows
 14910 | Lair:6   | Entered Level 6 of the Lair of Beasts
 15283 | Lair:6   | Reached skill level 14 in Armour
 15410 | Lair:6   | Identified the +9 hunting sling "Dezeon" {freeze, Int+3}
                  | (Okawaru gifted it to you on level 6 of the Lair of Beasts)
 15410 | Lair:6   | Received a gift from Okawaru
 15733 | Lair:6   | Reached skill level 1 in Slings
 16055 | Lair:6   | Identified the +1 robe of the Eternal Void {rElec rCorr
                  | MP+9 Int-2}
 16113 | Lair:6   | Identified the +10 spear of Untimely Demise {elec, Str-3
                  | Int+4 Dex+2 Stlth+} (Okawaru gifted it to you on level 6 of
                  | the Lair of Beasts)
 16113 | Lair:6   | Received a gift from Okawaru
 16726 | Lair:6   | Found a staircase to the Slime Pits.
 17340 | Orc:1    | Entered Level 1 of the Orcish Mines
 17440 | Orc:1    | Reached XP level 14. HP: 126/126 MP: 19/19
 17496 | Orc:1    | Received a gift from Okawaru
 17634 | Orc:2    | Entered Level 2 of the Orcish Mines
 17927 | Orc:2    | Found Ipeith's Magic Scroll Shoppe.
 18063 | Orc:2    | Found Cool's General Store.
 18095 | Orc:2    | Identified the +7 spear "Keir Nut" {freeze, Will++}
                  | (Okawaru gifted it to you on level 2 of the Orcish Mines)
 18095 | Orc:2    | Received a gift from Okawaru
 18526 | Orc:2    | Reached skill level 15 in Armour
 18539 | Orc:2    | Reached skill level 5 in Slings
 18666 | Orc:2    | Bought a scroll of blinking for 82 gold pieces
 19060 | Orc:2    | Mangled by an orc knight

Illustrated notes

Levels and vault maps discovered:
D:1:      dpeg_chamrin_arrival_tetris, layout_loops_ring, serial_shops,
          shop_statue, minmay_3d_cube
D:2:      layout_basic, hellmonk_ecumenical_altar_pennies_from_heaven,
          uniq_terence
D:3:      layout_loops_ring
D:4:      layout_loops_ring, minmay_crystal_water, hangedman_decor_slide_cut
D:5:      layout_basic, minmay_holes, uniq_eustachio
D:6:      layout_basic, minmay_misc_feat_room
D:7:      layout_loops_corners, nicolae_overflow_crystal_walls,
          minmay_temple_entry_purple_smoke, uniq_crazy_yiuf_cottage, uniq_harold
D:8:      layout_loops_ring, enter_bailey_2, uniq_maggie
D:9:      layout_rooms, orc_0_dummy, kennysheep_generic_room_15, uniq_joseph
D:10:     layout_rooms, dpeg_lair_monsters, minmay_joined_circles, uniq_grum,
          uniq_erica
Temple:   roderic_octagonal_lattice_temple
Lair:1:   layout_regular_city, gammafunk_ghost_cemetery,
          infiniplex_staircase_pool_2, serial_bayou_shore_a, grunt_megastairs_2
Lair:2:   layout_gridlike, dummy_snake_entry
Lair:3:   layout_gridlike, uniq_rupert
Lair:4:   layout_regular_city, elwin_shoals_entry_rooms,
          gammafunk_lair_bear_cave
Lair:5:   layout_gridlike, beast_lair_carwin_2
Lair:6:   evilmike_catoblepas_cave, layout_regular_city,
          nicolae_slime_entry_slimehenge
Orc:1:    layout_caves, basic_altar
Orc:2:    pf_orc_diabolical, layout_diamond_mine, basic_altar

Skill      XL: |  1  2  3  4  5  6  7  8  9 10 11 12 13 14 |
---------------+-------------------------------------------+-----
Maces & Flails | 3 4 5 6 7 |  7.9
Armour         | 4 5 7 8 9 11 13 14 15 | 15.2
Fighting       | 4 5 6 7 8 9 10 11 12 | 12.5
Shields        | 4 5 7 8 9 10 11 12 | 12.5
Evocations     | 1 2 3 4 |  4.4
Polearms       | 4 7 9 11 12 | 12.0
Invocations    | 1 3 5 7 8 |  8.6
Crossbows      | 3 |  3.1
Slings         | 4 5 |  5.6

Action                   |  1- 3 |  4- 6 |  7- 9 | 10-12 | 13-15 || total
-------------------------+-------+-------+-------+-------+-------++-------
Melee: Flail             |    64 |    82 |    85 |       |       ||   231
       Headbutt          |     8 |     9 |    26 |   114 |   126 ||   283
       Spear             |       |       |   143 |   603 |   550 ||  1296
 Fire: Hunting sling     |       |       |       |       |    84 ||    84
Throw: Dart              |       |     2 |     4 |     6 |       ||    12
Invok: Heroism           |       |       |       |     1 |     2 ||     3
Evoke: Wand              |       |       |       |       |     2 ||     2
  Use: Scroll            |       |     4 |       |     7 |       ||    11
       Potion            |       |       |     1 |       |     1 ||     2
Armor: Scale mail        |    15 |       |       |       |       ||    15
       Plate armour      |    20 |    71 |    86 |       |       ||   177
       Chain mail        |       |       |     8 |    22 |       ||    30
       Crystal plate arm |       |       |       |   237 |   135 ||   372
Dodge: Dodged            |     9 |    29 |    42 |    60 |    50 ||   190
Block: Kite shield       |    38 |    47 |   110 |   249 |   192 ||   636
